cohdb
Replays
Latest Replays
All Replays
Popular Replays
Top Player Replays
Match Explorer
How It Works
Community
CoH3 Stats
Reddit
Sign in to upload your games and track your stats! →
Sign in with Steam
Match 44465899
Unlisted
Match 44465899
Overview
Messages
Build Orders
End
Panzergrenadier Squad
Selects Panzerjäger Kommand Battlegroup
Selects Mine Fields
Kradschützen Motorcycle Team
Panzergrenadier Squad
Panzergrenadier Squad
Panzerpioneer Squad
Construct Light Support Kompanie
Fire Support Elements
Panzerjäger Mechanized Group
Selects Tank Busters
Flakvierling Half-track
Panzerjäger Squad
Construct Panzerarmee Kommand
Assault Mechanized Group
Selects Crew Shock Tactics
Selects Anti-tank Overwatch
Barbarossa
50584sh
0
0
Comments
sign in to comment!
No comments posted yet!